 Seeded DCSS version 0.31-a0-142-g31f6795574 (webtiles) character file.

Game seed: 11438637901012270034 (custom seed)

78 timneilson the Trooper (level 4, -7/29 HPs)
             Began as a Gargoyle Fighter on June 3, 2023.
             Mangled by an iguana (11 damage)
             ... on level 3 of the Dungeon on June 4, 2023.
             The game lasted 00:03:29 (1697 turns).

timneilson the Trooper (Gargoyle Fighter)           Turns: 1697, Time: 00:03:29

Health: -7/29      AC: 15    Str: 20    XL:     4   Next: 36%
Magic:  4/4        EV:  7    Int:  8    God:
Gold:   114        SH:  4    Dex: 11    Spells: 3/3 levels left

rFire   . . .        a - +1 long sword
rCold   + . .        c - +0 buckler
rNeg    + . .        h - +0 chain mail
rPois   ∞            f - +0 helmet
rElec   +            (no cloak)
rCorr   .            (no gloves)
SInv    .            o - +0 pair of boots
Will    .....        (no amulet) Stlth
                     e - ring of protection from cold
HPRegen 0.24/turn    (no ring)
MPRegen 0.09/turn

%: no passive effects
@: no status effects
A: sickness immunity, AC +3, negative energy resistance 1, electricity
resistance, torment resistance 1, petrification resistance
a: no special abilities


You were on level 3 of the Dungeon.
You visited 1 branch of the dungeon, and saw 3 of its levels.

You collected 114 gold pieces.

Inventory:

Hand Weapons
 a - a +1 long sword (weapon)
Armour
 c - a +0 buckler (worn)
 f - a +0 helmet (worn)
 h - a +0 chain mail (worn)
 o - a +0 pair of boots (worn)
Jewellery
 e - a ring of protection from cold (left hand)
Wands
 i - a wand of flame (35)
Scrolls
 b - a scroll of immolation
 p - a scroll of vulnerability {unknown}
Potions
 d - a potion of might
 g - 2 potions of curing
 j - a potion of haste {unknown}
 k - 2 potions of invisibility {unknown}
 l - a potion of attraction {unknown}
 m - a potion of magic {unknown}
 n - a potion of ambrosia {unknown}
 q - a potion of resistance {unknown}
 r - a potion of brilliance {unknown}


   Skills:
 + Level 4.0 Fighting
 + Level 2.4 Long Blades
 + Level 3.9 Armour
 + Level 3.9 Shields
 + Level 0.3 Evocations


You had 3 spell levels left.
You didn't know any spells.
Your spell library contained the following spells:

 Spells                   Type           Power      Damage    Failure   Level
 Sting                    Tmut/Pois      0%         1d3       99%         1
 Hailstorm                Conj/Ice       0%         3d3       100%        3
 Mephitic Cloud           Conj/Pois/Air  0%         N/A       100%        3
 Ice Form                 Ice/Tmut       0%         N/A       100%        4
 Polar Vortex             Ice            0%         N/A       100%        9


Dungeon Overview and Level Annotations

Branches:
Dungeon (3/15)

Altars:

Shops:
D:2 [[([


Innate Abilities, Weirdness & Mutations

You are immune to sickness and miasma.
Your stone body is resilient. (AC +3)
You are immune to poison.
You resist negative energy. (rN+)
You are resistant to electric shocks. (rElec)
You are resistant to unholy torment.
You are immune to petrification.


Message History

The iguana bites you.
You hit the iguana.
The iguana is lightly wounded.
The iguana bites you!
You barely miss the iguana.
The iguana is lightly wounded.
The iguana bites you but does no damage.
You barely miss the iguana.
The iguana is lightly wounded.
The iguana barely misses you.
You closely miss the iguana.
The iguana is lightly wounded.
The iguana bites you. The iguana bites you!
* * * LOW HITPOINT WARNING * * *
You are too injured to fight recklessly!
You are too injured to fight recklessly!
You are too injured to fight recklessly!
You are too injured to fight recklessly!
You are too injured to fight recklessly!
You are too injured to fight recklessly!
You are too injured to fight recklessly!
You are too injured to fight recklessly!
You are too injured to fight recklessly!
You are too injured to fight recklessly!
You are too injured to fight recklessly!
You are too injured to fight recklessly!
You barely miss the iguana.
The iguana is lightly wounded.
The iguana barely misses you.
You hit the iguana.
The iguana is moderately wounded.
The iguana bites you but does no damage.
You hit the iguana but do no damage.
The iguana is moderately wounded.
The iguana barely misses you. The iguana bites you.
* * * LOW HITPOINT WARNING * * *
You hit the iguana but do no damage.
The iguana is moderately wounded.
The iguana bites you!
You die...

#
....####################
......l@....†.........).
###.####################
########### #..........
#.######### #.#


You could see an iguana.

Vanquished Creatures
  2 adders
  3 worms
  A dart slug (D:2)
  7 ball pythons
  7 bats
  2 endoplasms
  5 giant cockroaches
  5 goblins
  5 hobgoblins
  4 kobolds
  3 quokkas
  A frilled lizard (D:1)
  A rat (D:1)
46 creatures vanquished.

Notes
Turn   | Place    | Note
-------+----------+-------------------------------------------
     0 | D:1      | timneilson the Gargoyle Fighter began the quest for the
                  | Orb.
     0 | D:1      | Reached XP level 1. HP: 14/14 MP: 1/1
    37 | D:1      | You fall into a shaft and drop 1 floor!
   126 | D:2      | Reached XP level 2. HP: 19/19 MP: 2/2
   370 | D:1      | Reached XP level 3. HP: 24/24 MP: 3/3
   691 | D:2      | Found Menyj's Armour Shop.
   781 | D:2      | Got Sollofeh's Spellbook of the Wendigo and Toxicants
   830 | D:2      | Found Arhoeck's Antique Armour Shoppe.
  1001 | D:2      | Found Usialysh's Antique Weapon Emporium.
  1101 | D:2      | Found Otogres's Armour Boutique.
  1268 | D:3      | Reached XP level 4. HP: 20/29 MP: 4/4
  1467 | D:3      | Reached skill level 4 in Fighting
  1697 | D:3      | Mangled by an iguana

Illustrated notes

Levels and vault maps discovered:
D:1:      dpeg_arrival_three_smaller_balls, layout_basic, minivault_19
D:2:      layout_loops_ring, serial_glass, glass_columns_c, glass_columns_c,
          glass_columns_c, glass_columns_a, glass_columns_b,
          minmay_strange_pillars, minmay_strange_pillars, serial_shops, shop,
          shop, shop, shop
D:3:      layout_basic

Skill      XL: |  1  2  3  4 |
---------------+-------------+-----
Long Blades    | 2 |  2.4
Fighting       | 4 |  4.0
Armour         | |  3.9
Shields        | |  3.9
Evocations     | |  0.3

Action                     |  1- 3 |  4- 6 || total
---------------------------+-------+-------++-------
  Melee: Long sword        |   139 |    35 ||   174
    Use: Scroll            |     5 |       ||     5
 Armour: Scale mail        |    24 |       ||    24
         Chain mail        |    69 |    13 ||    82
  Dodge: Dodged            |    49 |    19 ||    68
  Block: Buckler           |    38 |     8 ||    46

Table legend: (Time is in decaauts)
 A = Elapsed time spent in this place.
 B = Non-inter-level travel time spent in this place.
 C = Inter-level travel time spent in this place.
 D = Time resting spent in this place.
 E = Time spent auto-exploring this place.
 F = Levels seen in this place.
 G = Mean time per level.
                   A        B        C        D        E       F      G
               +--------+--------+--------+--------+--------+-----+--------+
         Total |   1751 |   1682 |     69 |      0 |   1213 |   3 |  583.7 |
       Dungeon |   1751 |   1682 |     69 |      0 |   1213 |   3 |  583.7 |
               +--------+--------+--------+--------+--------+-----+--------+

Top non-repeatable levels by time:
     D:2: 669 daAuts
     D:1: 598 daAuts
     D:3: 483 daAuts
